 Dungeon Crawl Stone Soup version 0.25-a0-549-g6e6e6501ad (webtiles) character file.

Game seed: 9068046330944637522, levelgen mode: deterministic

63 Esekla the Magician (level 3, -1/19 HPs)
             Began as a Deep Elf Wizard on Feb 23, 2020.
             Slain by a worm (7 damage)
             ... on level 2 of the Dungeon.
             The game lasted 00:13:49 (1560 turns).

Esekla the Magician (Deep Elf Wizard)               Turns: 1560, Time: 00:13:50

Health: -1/19      AC:  2    Str:  5    XL:     3   Next: 89%
Magic:  1/12       EV: 13    Int: 22    God:
Gold:   71         SH:  0    Dex: 13    Spells: 5/14 levels left

rFire    . . .     SeeInvis .   o - +0 falchion
rCold    . . .     Gourm    .   (no shield)
rNeg     . . .     Faith    .   a - +0 robe
rPois    .         Spirit   .   b - +0 hat
rElec    .         Reflect  .   (no cloak)
rCorr    .         Harm     .   (no gloves)
MR       .....                  (no boots)
Stlth    ++........             (no amulet)
HPRegen  0.06/turn              (no ring)
MPRegen  0.13/turn              (no ring)

@: very slightly contaminated
A: no striking features
a: no special abilities


You were on level 2 of the Dungeon.
You were not hungry.

You visited 1 branch of the dungeon, and saw 2 of its levels.

You collected 71 gold pieces.

Inventory:

Hand Weapons
 o - a +0 falchion (weapon)
 q - a +0 dagger
Armour
 a - a +0 robe (worn)
 b - a +0 hat (worn)
Wands
 j - a wand of disintegration (18)
Scrolls
 c - 4 scrolls of remove curse {unknown}
 e - a scroll of enchant armour {unknown}
 i - 2 scrolls of immolation {unknown}
 n - a scroll of magic mapping {unknown}
 p - a scroll of fog {unknown}
 r - a scroll of identify {unknown}
Potions
 f - a potion of curing {unknown}
 g - 3 potions of mutation {unknown}
 h - a potion of haste {unknown}
 k - a potion of degeneration {unknown}
 l - a potion of brilliance {unknown}
 m - 2 potions of heal wounds {unknown}
Comestibles
 d - 2 rations
 s - a chunk of flesh


   Skills:
 + Level 2.7 Dodging
 - Level 2.4 Stealth
 * Level 6.1 Spellcasting
 + Level 1.5 Conjurations
   Level 1.1 Summonings
 * Level 1.3 Translocations
 * Level 0.5 Air Magic
 * Level 0.1 Poison Magic


You had 5 spell levels left.
You knew the following spells:

 Your Spells              Type           Power        Failure   Level  Hunger
a - Magic Dart            Conj           ##..         4%          1    None
b - Blink                 Tloc           N/A          8%          2    None
c - Mephitic Cloud        Conj/Pois/Air  #.......     21%         3    #......
f - Conjure Flame         Conj/Fire      ##......     21%         3    #......

Your spell library contained the following spells:

 Spells                   Type           Power        Failure   Level  Hunger
 Call Imp                 Summ           ##......     9%          2    None
 Slow                     Hex            #.......     14%         2    None


Dungeon Overview and Level Annotations

Branches:
Dungeon (2/15)

Altars:


Message History

Confirm with . or Enter, or press ? or * to list all spells.
Aiming: Magic Dart (safe; 4% risk of failure)
Press: ? - help, Shift-Dir - straight line, f/p - worm
Aim: a worm (severely wounded)
The magic dart hits the worm.
The worm is almost dead.
The worm bites you.
You hit the worm.
The worm is almost dead.
You hit the worm but do no damage.
The worm is almost dead.
The worm closely misses you.
You barely miss the worm.
The worm is almost dead.
The worm bites you!
Ouch! That really hurt!
You hit the worm but do no damage.
The worm is almost dead.
The worm bites you!
You die...

# #.#.....†.# ##..## #. #
#.#.###.#.# #.## #. ###.#.# #.#.#
#.# #[ ....#.# #.#.# ##'## #<
.####.# #.#.# ##...## ## .# #.#
#.#.# ##.....## ### .####.#
#.#.## ##.......## ##.#
....#.###....####......÷..####...
...............w@.........+......
....###......####.........####...
.#####......... ##.......## ##).
.# #..#..#.#. ##....(## #.# .#
#..##.#.# ##...## ##. ##
#.......# ##+## #. # #.###w###.#
#.# #. # #.........# #.# #. #
#####.##########.##########.


You could see a worm.

Vanquished Creatures
  A gnoll (D:1)
  2 adders (D:2)
  A dart slug (D:2)
  5 bats
  A giant cockroach (D:1)
  2 goblins (D:2)
  4 hobgoblins (D:1)
  4 jackals (D:1)
  5 kobolds
  A ball python (D:2)
  5 rats
31 creatures vanquished.

Notes
Turn   | Place    | Note
-------+----------+-------------------------------------------
     0 | D:1      | Esekla the Deep Elf Wizard began the quest for the Orb.
     0 | D:1      | Reached XP level 1. HP: 10/10 MP: 7/7
   248 | D:1      | Reached skill level 5 in Spellcasting
   248 | D:1      | Reached XP level 2. HP: 15/15 MP: 1/10
   378 | D:1      | Learned a level 2 spell: Blink
   800 | D:2      | Reached XP level 3. HP: 18/19 MP: 10/12
   806 | D:2      | Learned a level 3 spell: Mephitic Cloud
   810 | D:2      | Learned a level 3 spell: Conjure Flame
  1526 | D:2      | Reached skill level 6 in Spellcasting
  1560 | D:2      | Slain by a worm

Levels and vault maps discovered:
D:1:      dpeg_arrival_pits, layout_basic
D:2:      layout_loops_corners, minmay_misc_feat_encased

Skill      XL: |  1  2  3 |
---------------+----------+-----
Spellcasting   | 5 6 |  6.1
Dodging        | |  2.7
Stealth        | |  2.4
Conjurations   | |  1.5
Summonings     | |  1.1
Translocations | |  1.3
Air Magic      | |  0.5
Poison Magic   | |  0.1

Action                   || total
-------------------------++-------
Melee: Unarmed           ||     1
       Falchion          ||     6
 Cast: Magic Dart        ||   104
       Mephitic Cloud    ||     2
       Conjure Flame     ||     1
       Blink             ||     1
 Stab: Confused          ||     1
  Eat: Chunk             ||     2
Armor: Robe              ||     6
Dodge: Dodged            ||    24
       Rpst.: Falchion   ||     2

Table legend:
 A = Non-vault XP
 B = Vault XP
 C = Vault XP percentage of total XP
 D = Non-vault monster count
 E = Vault monster count
 F = Vault count percentage of total count
                 A         B        C        D         E       F
            +---------+---------+-------+---------+---------+-------
      Total |      91 |       0 |   0.0 |      31 |       0 |   0.0
            +---------+---------+-------+---------+---------+-------
        D:1 |      51 |       0 |   0.0 |      21 |       0 |   0.0
        D:2 |      40 |       0 |   0.0 |      10 |       0 |   0.0
            +---------+---------+-------+---------+---------+-------
